 Dungeon Crawl Stone Soup version 0.22.0-49-gab54619674 (webtiles) character file.

16 Riddle the Digger (level 2, -1/20 HPs)
             Began as a Gnoll Earth Elementalist on Sept 6, 2018.
             Slain by a kobold
             ... wielding a +0 whip
              (4 damage)
             ... on level 1 of the Dungeon.
             The game lasted 00:01:11 (227 turns).

Riddle the Digger (Gnoll Earth Elementalist)         Turns: 227, Time: 00:01:12

Health: -1/20      AC:  2    Str: 10    XL:     2   Next: 54%
Magic:  7/7        EV: 14    Int: 17    God:
Gold:   38         SH:  0    Dex: 15    Spells: 9/10 levels left

rFire    . . .     SeeInvis .   h - +0 hand axe
rCold    . . .     Gourm    .   (no shield)
rNeg     . . .     Faith    .   c - +0 robe
rPois    .         Spirit   .   (no helmet)
rElec    .         Reflect  .   (no cloak)
rCorr    .         Harm     .   (no gloves)
MR       .....                  (no boots)
Stlth    +++.......             (no amulet)
HPRegen  0.06/turn              (no ring)
MPRegen  0.10/turn              (no ring)

@: no status effects
A: distributed training, fangs 1, strong nose
a: no special abilities


You were on level 1 of the Dungeon.
You were not hungry.

You visited 1 branch of the dungeon, and saw 1 of its levels.

You collected 38 gold pieces.

Inventory:

Hand Weapons
 h - a +0 hand axe (weapon)
Missiles
 b - 26 stones (quivered)
Armour
 c - a +0 robe (worn)
Scrolls
 e - a scroll of enchant armour {unknown}
 i - a scroll of blinking {unknown}
Potions
 a - 2 potions of curing {unknown}
 f - 2 potions of mutation {unknown}
Comestibles
 d - 2 rations
 g - 7 chunks of flesh


   Skills:
 + Level 0.4 Fighting
 + Level 0.4 Short Blades
 + Level 0.4 Long Blades
 + Level 0.4 Axes
 + Level 0.4 Maces & Flails
 + Level 0.4 Polearms
 + Level 0.4 Staves
 + Level 0.4 Slings
 + Level 0.4 Bows
 + Level 0.4 Crossbows
 + Level 0.4 Throwing
 + Level 0.4 Armour
 + Level 4.5 Dodging
 + Level 4.1 Stealth
 + Level 0.4 Shields
 + Level 0.4 Unarmed Combat
 + Level 4.9 Spellcasting
 + Level 0.2 Conjurations
 + Level 0.2 Hexes
 + Level 0.2 Charms
 + Level 0.2 Summonings
 + Level 0.2 Necromancy
 + Level 0.2 Translocations
 + Level 2.0 Transmutations
 + Level 0.2 Fire Magic
 + Level 0.2 Ice Magic
 + Level 0.2 Air Magic
 + Level 5.3 Earth Magic
 + Level 0.2 Poison Magic
 + Level 0.5 Invocations
 + Level 0.4 Evocations


You had 9 spell levels left.
You knew the following spells:

 Your Spells              Type           Power        Failure   Level  Hunger
a - Sandblast             Erth           ###...       1%          1    None

Your spell library contained the following spells:

 Spells                   Type           Power        Failure   Level  Hunger
 Passwall                 Tmut/Erth      ###.....     4%          2    #......
 Stone Arrow              Conj/Erth      ##....       14%         3    ###....
 Petrify                  Tmut/Erth      ###.....     30%         4    ####...
 Lee's Rapid Deconstruct  Erth           ###.......   41%         5    ######.


Dungeon Overview and Level Annotations

Branches:
Dungeon (1/15)

Altars:


Innate Abilities, Weirdness & Mutations

Your experience applies equally to all skills.
You have very sharp teeth.
Your uncanny sense of smell can sniff out nearby items.


Message History

You see here a club.
f - 2 black potions (gained 1)
A bat comes into view.
A kobold comes into view.
A kobold comes into view. It is wielding a whip.
The helpless bat fails to defend itself.
You hit the bat.
You kill the bat!
A gnoll comes into view. It is wielding a spear.
The kobold shouts!
You hear a shout! x3; You hear a bark! x2
The kobold closely misses you.
You hear a bark!
You hear a shout!
Found a stone staircase leading down.
You hit the kobold but do no damage. The kobold hits you.
You miss the kobold. The kobold hits you.
The gnoll hits you from afar with a spear!
Ouch! That really hurt!
* * * LOW HITPOINT WARNING * * *
The kobold hits you with a whip.
You die...

##### #...# ###...###
#.......#############
....................# .
.###)...######.####.###.#
. #....................
.###...#######.#@##..##.#
.......# #.K#K.g....#
##.#.### #.#.##..#..#
##.#.## #.#.# .#
#.....###### #K#.# #∆
....#......###.#>
......###...##.#.
.#.#.###.......#. ∆
.#...# #....#####


You could see a gnoll and 2 kobolds.

Vanquished Creatures
  A dart slug (D:1)
  2 bats (D:1)
  2 goblins (D:1)
  4 hobgoblins (D:1)
  3 kobolds (D:1)
12 creatures vanquished.

Notes
Turn   | Place    | Note
-------+----------+-------------------------------------------
     0 | D:1      | Riddle the Gnoll Earth Elementalist began the quest for the
                  | Orb.
     0 | D:1      | Reached XP level 1. HP: 13/13 MP: 6/6
    71 | D:1      | Reached XP level 2. HP: 19/19 MP: 2/7
   227 | D:1      | Slain by a kobold

Skill      XL: |  1 |
---------------+----+-----
Transmutations | 2 |  2.0
Fighting       | |  0.4
Short Blades   | |  0.4
Long Blades    | |  0.4
Axes           | |  0.4
Maces & Flails | |  0.4
Polearms       | |  0.4
Staves         | |  0.4
Slings         | |  0.4
Bows           | |  0.4
Crossbows      | |  0.4
Throwing       | |  0.4
Armour         | |  0.4
Dodging        | |  4.5
Stealth        | |  4.1
Shields        | |  0.4
Unarmed Combat | |  0.4
Spellcasting   | |  4.9
Conjurations   | |  0.2
Hexes          | |  0.2
Charms         | |  0.2
Summonings     | |  0.2
Necromancy     | |  0.2
Translocations | |  0.2
Fire Magic     | |  0.2
Ice Magic      | |  0.2
Air Magic      | |  0.2
Earth Magic    | |  5.3
Poison Magic   | |  0.2
Invocations    | |  0.5
Evocations     | |  0.4

Action                   || total
-------------------------++-------
Melee: Hand axe          ||    18
       Unarmed           ||     6
       Bite              ||     2
 Cast: Sandblast         ||     7
 Stab: Sleeping          ||     1
Armor: Robe              ||    13
Dodge: Dodged            ||    28
